 Dungeon Crawl Stone Soup version 0.31-a0-1009-g454b1f1e0a (webtiles) character file.

Game seed: 4636997638440137001

7988 Avanven the Carver (level 11, 0/57 HPs)
             Began as a Tengu Reaver on Nov 16, 2023.
             Was a High Priest of Okawaru.
             Slain by a vampire mosquito (8 damage)
             ... on level 10 of the Dungeon.
             The game lasted 00:34:31 (10338 turns).

Avanven the Carver (Tengu Reaver)                  Turns: 10338, Time: 00:34:32

Health: 0/57       AC:  9    Str: 12    XL:     11   Next: 23%
Magic:  27/27      EV: 13    Int: 21    God:    Okawaru [*****.]
Gold:   275        SH: 15    Dex: 18    Spells: 12/18 levels left

rFire   . . .        a - +1 falchion (flame)
rCold   . . .        m - +5 kite shield of Rezuk {Dex+5}
rNeg    + + +        s - +1 ring mail of Caefur {Will++ Dex+3}
rPois   .            (helmet restricted)
rElec   .            l - +0 cloak
rCorr   .            u - +0 pair of gloves
SInv    +            (boots unavailable)
Will    ++...        x - amulet of magic regeneration Stlth
                     r - ring "Huff" {MP+9 Int+3}
HPRegen 0.29/turn    o - ring of the Final Chapter {rN+++ Dex-3 Slay+5 SInv Stlth-}
MPRegen 0.60/turn

%: acrobat
@: flying, studying Translocations
A: beak, talons 3, evasive flight, acrobatic
a: Renounce Religion, Heroism, Finesse, Duel


You were on level 10 of the Dungeon.
You worshipped Okawaru.
Okawaru was extremely pleased with you.
You visited 2 branches of the dungeon, and saw 11 of its levels.
You also visited: Bailey.

You collected 688 gold pieces.
You spent 413 gold pieces at shops.

Inventory:

Hand Weapons
 a - a +1 falchion of flaming (weapon)
 F - a +2 falchion of protection
 H - a +3 great sword
Armour
 c - a +0 ring mail
 g - a +0 scale mail
 l - a +0 cloak (worn)
 m - the +5 kite shield of Rezuk (worn) {Dex+5}
   (You bought it in a shop on level 7 of the Dungeon)

   Dex+5:     It affects your dexterity (+5).
 s - the +1 ring mail of Caefur (worn) {Will++ Dex+3}
   (You found it on level 6 of the Dungeon)

   Dex+3:     It affects your dexterity (+3).
   Will++:    It greatly increases your willpower.
 u - a +0 pair of gloves (worn)
Jewellery
 o - the ring of the Final Chapter (right hand) {rN+++ Dex-3 Slay+5 SInv Stlth-}
   (You acquired it in the Ecumenical Temple)

   [ring of see invisible]

   Dex-3:     It affects your dexterity (-3).
   Slay+5:    It affects your accuracy & damage with ranged weapons and melee
   (+5).
   rN+++:     It renders you almost immune to negative energy.
   SInv:      It lets you see invisible.
   Stlth-:    It makes you less stealthy.
 q - a +6 ring of dexterity
 r - the ring "Huff" (left hand) {MP+9 Int+3}
   (You found it on level 3 of the Dungeon)

   [ring of magical power]

   Int+3:     It affects your intelligence (+3).
   MP+9:      It affects your magic capacity (+9).
 x - an amulet of magic regeneration (around neck)
 y - a ring of protection from cold
 D - a ring of magical power
Wands
 j - a wand of paralysis (13)
 E - a wand of acid (8)
 I - a wand of iceblast (6)
Scrolls
 e - 3 scrolls of teleportation
 f - 3 scrolls of blinking
 h - 3 scrolls of noise
 i - 2 scrolls of fear
 k - a scroll of fog
 n - 2 scrolls of enchant armour
 w - 2 scrolls of amnesia
 A - a scroll of enchant weapon
Potions
 b - 3 potions of haste
 d - a potion of berserk rage
 p - 2 potions of brilliance
 t - 4 potions of enlightenment
 v - 4 potions of might
 z - a potion of curing
 C - a potion of heal wounds {unknown}
 G - 2 potions of mutation
Miscellaneous
 B - a lightning rod (4/4)


   Skills:
 - Level 2.0 Fighting
 * Level 14.8 Long Blades
 - Level 6.0 Armour
 - Level 2.1 Dodging
 + Level 5.4 Shields
 - Level 4.2 Spellcasting
 + Level 8.4 Conjurations


You had 12 spell levels left.
You knew the following spells:

 Your Spells              Type           Power      Damage    Failure   Level
a - Kiss of Death         Conj/Necr      88%        2d12      14%         1
b - Momentum Strike       Conj/Tloc      44%        3d9       22%         2
c - Hailstorm             Conj/Ice       22%        3d7       41%         3

Your spell library contained the following spells:

 Spells                   Type           Power      Damage    Failure   Level
 Foxfire                  Conj/Fire      88%        2x1d8     14%         1
 Necrotise                Necr           16%        1d4       63%         1
 Sticky Flame             Conj/Fire      22%        2d4       82%         4
 Ignite Poison            Fire/Tmut/Pois 4%         N/A       94%         3
 Vampiric Draining        Necr           4%         2d6       94%         3
 Agony                    Necr           4%         N/A       100%        5
 Plasma Beam              Fire/Air       2%         2x1d12    100%        6
 Starburst                Conj/Fire      11%        6d5       100%        6
 Orb of Destruction       Conj           19%        9d8       100%        7
 Ignition                 Fire           2%         3d3       100%        8
 Summon Guardian Golem    Hex/Summ       Unusable   N/A       N/A         3
 Spellforged Servitor     Conj/Summ      Unusable   N/A       N/A         7

Dungeon Overview and Level Annotations

Branches:
Dungeon (10/15)            Temple (1/1) D:5            Lair (0/5) D:8
    Orc (0/2) D:10         Bailey (visited)

Altars:
Ashenzari
Cheibriados
Dithmenos
Elyvilon
Fedhas
Gozag
Hepliaklqana
Kikubaaqudgha
Makhleb
Nemelex Xobeh
Okawaru
Ru
Sif Muna
Trog
Uskayaw
Vehumet
Wu Jian
Xom
Yredelemnul
Zin
The Shining One

Shops:
D:7 [!*

Annotations:
D:1 exclusion: downstairs


Innate Abilities, Weirdness & Mutations

You have a beak for a mouth.
You have claws for feet.
Your magical flight helps you evade attacks. (EV +4)
You can magically evade attacks while moving or waiting.


Message History

The vampire mosquito attacks as it pursues you!
The vampire mosquito bites you.
The vampire mosquito closely misses you.
The vampire mosquito misses you.
You block the vampire mosquito's attack.
Things that are here:
a +0 whip of flaming; an orc corpse The orc priest mumbles some strange prayers to Beogh against you.
Beogh smites you!
You block the vampire mosquito's attack.
The vampire mosquito attacks as it pursues you!
You block the vampire mosquito's attack.
The vampire mosquito misses you.
The orc priest invokes the aid of Beogh against you.
Beogh smites you!
Things that are here:
a +3 short sword; a +0 ring mail You see here a +0 vampiric short sword.
The vampire mosquito attacks as it pursues you!
The vampire mosquito misses you.
The orc priest mumbles some strange prayers to Beogh against you.
Beogh smites you!
* * * LOW HITPOINT WARNING * * *
The vampire mosquito attacks as it pursues you!
You block the vampire mosquito's attack.
You see here a +0 flail.
Items here: ))))) [[ †††.
The vampire mosquito completely misses you.
Items here: ))))) [[[[[ ††.
You block the vampire mosquito's attack.
You feel better. The vampire mosquito bites you!
* * * LOW HITPOINT WARNING * * *
You block the vampire mosquito's attack.
You closely miss the vampire mosquito.
The vampire mosquito completely misses you.
You hit the vampire mosquito but do no damage.
The vampire mosquito bites you.
* * * LOW HITPOINT WARNING * * *
The vampire mosquito bites you!
You die...

..................[.........
............................
####....>................
#.....................
#.....#########'###'##
#.....'......#.......#
#+#.....#......'.......#
........#..##..###'#####
################@#..##'###..##..#
...............#y#......#.......#
!..............#yy......#.......#
....##.........#o#+#########....#
...!...)...o)y.o)....... #'####
...........!#..##....... #....#
...........!#..# ....... #....#
...............# ....... #....#
################ .≈≈≈≈≈≈ #....#


You could see 3 vampire mosquitoes, an orc priest and an orc.

Vanquished Creatures
  Pikel (D:7)
  A centaur zombie (D:10)
  2 unseen horrors
  A troll (D:10)
  A hornet (D:9)
  Sigmund (D:2)
  2 wyverns
  A wraith (D:10)
  A steam dragon (D:6)
  3 wargs (D:8)
  3 water moccasins
  Duvessa (D:4)
  3 black bears
  8 orc warriors
  6 sky beasts
  An ice beast (D:7)
  An ogre (D:4)
  2 centaurs
  2 phantoms
  A lemure (D:7)
  2 kobold brigands
  A bullfrog (D:8)
  A gnoll sergeant (D:10)
  A scorpion (D:5)
  19 wights
  Dowan (D:4)
  3 howler monkeys (D:10)
  5 hounds
  A gnoll bouda (D:7)
  7 orc priests
  2 jellies
  2 sleepcaps (D:5)
  Terence (D:2)
  4 iguanas
  10 orc wizards
  Robin (D:2)
  9 gnolls
  6 adders
  3 white imps
  3 worms
  50 orcs
  6 bats
  7 endoplasms
  A giant cockroach (D:4)
  15 goblins
  16 hobgoblins
  3 jackals (D:1)
  6 quokkas
  2 ball pythons
  4 frilled lizards
  27 kobolds
  6 rats
267 creatures vanquished.

Notes
Turn   | Place    | Note
-------+----------+-------------------------------------------
     0 | D:1      | Avanven the Tengu Reaver began the quest for the Orb.
     0 | D:1      | Reached XP level 1. HP: 12/12 MP: 4/4
    57 | D:1      | Reached XP level 2. HP: 17/17 MP: 6/6
   230 | D:1      | Reached skill level 1 in Armour
   451 | D:1      | Reached skill level 4 in Long Blades
   451 | D:1      | Reached XP level 3. HP: 21/21 MP: 7/7
   706 | D:1      | Found a faded altar of an unknown god.
  1068 | D:2      | Noticed Sigmund
  1484 | D:2      | Noticed Terence
  1495 | D:2      | Killed Terence
  1496 | D:2      | Reached XP level 4. HP: 4/26 MP: 8/8
  1727 | D:2      | Noticed Robin
  1811 | D:2      | Killed Robin
  1890 | D:3      | Reached skill level 5 in Long Blades
  1901 | D:3      | Identified the ring "Huff" {MP+9 Int+3}
  2006 | D:3      | Reached XP level 5. HP: 24/30 MP: 9/9
  2029 | D:3      | Found a white marble altar of Elyvilon.
  2034 | D:3      | Learned a level 2 spell: Momentum Strike
  2835 | D:4      | Reached XP level 6. HP: 17/35 MP: 10/10
  3004 | D:2      | Killed Sigmund
  3005 | D:2      | Reached skill level 6 in Long Blades
  3429 | D:4      | Noticed Dowan
  3431 | D:4      | Noticed Duvessa
  3435 | D:5      | Entered Level 5 of the Dungeon
  3445 | D:5      | Gained mutation: Your magical flight helps you evade
                  | attacks. (EV +4) [Tengu growth]
  3445 | D:5      | Reached XP level 7. HP: 21/40 MP: 11/11
  3575 | D:5      | Reached skill level 7 in Long Blades
  3575 | D:5      | Reached skill level 5 in Conjurations
  4010 | D:5      | Reached skill level 8 in Long Blades
  4125 | D:5      | Found a burning altar of Makhleb.
  4370 | D:5      | Found a staircase to the Ecumenical Temple.
  4378 | D:5      | Reached XP level 8. HP: 44/44 MP: 12/12
  4383 | Temple   | Entered the Ecumenical Temple
  4443 | Temple   | Became a worshipper of Warmaster Okawaru
  4446 | Temple   | Identified a scroll of acquirement
  4446 | Temple   | Identified the "Rupees" (You acquired it in the Ecumenical
                  | Temple)
  4446 | Temple   | Acquired the ring of the Final Chapter {rN+++ Dex-3 Slay+5
                  | SInv Stlth-}
  4831 | D:4      | Killed Dowan
  4867 | D:4      | Killed Duvessa
  4868 | D:4      | Reached skill level 9 in Long Blades
  4991 | D:4      | Learned a level 3 spell: Hailstorm
  5001 | D:4      | Found a shimmering blue altar of Sif Muna.
  5068 | D:4      | Found a broken altar of Ashenzari.
  5802 | D:6      | Noticed an unseen horror
  5859 | D:6      | Killed an unseen horror
  5859 | D:6      | Reached * piety under Okawaru
  5860 | D:6      | Reached skill level 10 in Long Blades
  5860 | D:6      | Reached XP level 9. HP: 28/48 MP: 13/13
  6036 | D:6      | Identified the +1 ring mail of Caefur {Will++ Dex+3}
  6234 | D:6      | Reached skill level 11 in Long Blades
  6301 | D:6      | Reached ** piety under Okawaru
  6689 | D:6      | Reached skill level 5 in Armour
  6962 | D:7      | Noticed Pikel
  6974 | D:7      | Killed Pikel
  6974 | D:7      | Reached *** piety under Okawaru
  6975 | D:7      | Reached skill level 12 in Long Blades
  7086 | D:7      | Reached XP level 10. HP: 47/53 MP: 17/17
  7120 | D:7      | Found Bese's Distillery.
  7158 | D:7      | Found Nilipyez's Antique Armour Boutique.
  7181 | D:7      | Bought a potion of degeneration for 11 gold pieces
  7275 | D:7      | Bought a heavily runed kite shield for 218 gold pieces
  7275 | D:7      | Identified the +5 kite shield of Rezuk {Dex+5} (You bought
                  | it in a shop on level 7 of the Dungeon)
  7275 | D:7      | Bought a glowing scarf for 184 gold pieces
  7307 | D:7      | Found a glowing golden altar of the Shining One.
  7310 | D:7      | Found a sparkling altar of Nemelex Xobeh.
  7613 | D:7      | Found a blossoming altar of Fedhas.
  7613 | D:7      | Found a sacrificial altar of Ru.
  7664 | D:7      | Reached skill level 1 in Shields
  7704 | D:7      | Found Jifycuttu's Assorted Antiques.
  7810 | D:8      | Found an ancient bone altar of Kikubaaqudgha.
  8072 | D:8      | Found a staircase to the Lair.
  8102 | D:8      | Reached **** piety under Okawaru
  8103 | D:8      | Reached skill level 13 in Long Blades
  8394 | D:8      | Found a hide-covered altar of Uskayaw.
  8870 | D:9      | Noticed an unseen horror
  8873 | D:9      | Killed an unseen horror
  8926 | D:9      | Found a shadowy altar of Dithmenos.
  9098 | D:9      | Reached ***** piety under Okawaru
  9294 | D:9      | Reached skill level 14 in Long Blades
  9344 | D:10     | Entered Level 10 of the Dungeon
  9344 | D:10     | Found a flagged portal.
  9353 | Bailey   | Entered a bailey
  9483 | Bailey   | Reached XP level 11. HP: 13/57 MP: 18/18
  9838 | D:10     | Received a gift from Okawaru
  9839 | D:10     | Reached skill level 5 in Shields
 10312 | D:10     | Found a staircase to the Orcish Mines.
 10338 | D:10     | Slain by a vampire mosquito

Illustrated notes

Levels and vault maps discovered:
D:1:      erik_arrival_cave_to_civilisation [erik_arrival_cave_to_hall],
          layout_basic, nicolae_ecumenical_lake_church, amethyst_killhole
D:2:      layout_rooms, kennysheep_boxes, uniq_sigmund, uniq_terence, uniq_robin
D:3:      layout_loops_ring, mainiacjoe_overflow_catwalk,
          small_statue_intersection, serial_bayou_lagoon_b
D:4:      layout_cave_pods, mainiacjoe_overflow_tiny_flanked,
          mainiacjoe_overflow_cross_hatched, minmay_quadrilaterals, uniq_duvessa
D:5:      layout_loops_cross, mainiacjoe_overflow_brackets, temple_hall,
          cheibrodos_sewer_entry_bend, nicolae_fountain_basement
D:6:      kennysheep_spiral_hall, layout_loops_ring, roderic_serpentine_path,
          minmay_manual_monolith
D:7:      layout_loops_ring, mainiacjoe_overflow_catwalk_spiral,
          mainiacjoe_overflow_divided_tiny, serial_shops,
          nicolae_shop_peninsula, shop, shop, kennysheep_generic_room_4,
          uniq_pikel
D:8:      layout_loops_ring, general_overflow_altar, lemuel_tele_altar,
          erik_lair_orcish_takeover
D:9:      layout_roguey, lemuel_crystal_altar
D:10:     layout_gridville, nicolae_qazlal_eye_of_the_storm, erik_orc_1,
          enter_bailey_6, serial_undead, serial_undead_f, serial_undead_d,
          serial_undead_e, serial_undead_f, water_boxes_lemuel
Temple:   jpeg_temple_alley_garden

Skill      XL: |  1  2  3  4  5  6  7  8  9 10 11 |
---------------+----------------------------------+-----
Armour         | 1 2 3 5 6 |  6.0
Long Blades    | 4 5 6 8 10 12 14 | 14.8
Conjurations   | 6 8 |  8.4
Spellcasting   | 4 |  4.2
Shields        | 4 5 |  5.4
Fighting       | |  2.0
Dodging        | |  2.1

Action                     |  1- 3 |  4- 6 |  7- 9 | 10-12 || total
---------------------------+-------+-------+-------+-------++-------
  Melee: Falchion          |    80 |   127 |   197 |   277 ||   681
         Kick              |    28 |    33 |    62 |    80 ||   203
         Peck              |    10 |    18 |    35 |    46 ||   109
   Cast: Momentum Strike   |       |       |     9 |     1 ||    10
         Kiss of Death     |       |       |     2 |       ||     2
         Hailstorm         |       |       |     9 |    10 ||    19
    Use: Scroll            |     6 |     1 |     7 |     9 ||    23
         Potion            |     1 |       |       |     2 ||     3
   Stab: Distracted        |     1 |       |       |       ||     1
 Armour: Leather armour    |    34 |    31 |       |       ||    65
         Ring mail         |       |    29 |    79 |    68 ||   176
  Dodge: Dodged            |    59 |    62 |   109 |   101 ||   331
  Block: Buckler           |     5 |    23 |    33 |     8 ||    69
         Kite shield       |       |       |       |   163 ||   163

Table legend: (Time is in decaauts)
 A = Elapsed time spent in this place.
 B = Non-inter-level travel time spent in this place.
 C = Inter-level travel time spent in this place.
 D = Time resting spent in this place.
 E = Time spent auto-exploring this place.
 F = Levels seen in this place.
 G = Mean time per level.
                   A        B        C        D        E       F      G
               +--------+--------+--------+--------+--------+-----+--------+
         Total |  10328 |  10020 |    308 |   1458 |   6017 |  12 |  860.7 |
       Dungeon |   9816 |   9508 |    308 |   1324 |   6013 |  10 |  981.6 |
        Temple |     96 |     96 |      0 |      0 |      0 |   1 |   96.0 |
        Bailey |    416 |    416 |      0 |    134 |      4 |   1 |  416.0 |
               +--------+--------+--------+--------+--------+-----+--------+

Top non-repeatable levels by time:
     D:4: 1312 daAuts
     D:5: 1295 daAuts
     D:6: 1191 daAuts
     D:1: 1156 daAuts
     D:3: 1095 daAuts
     D:8: 973 daAuts
     D:7: 845 daAuts
     D:2: 837 daAuts
     D:9: 555 daAuts
    D:10: 551 daAuts
  Bailey: 416 daAuts
  Temple: 96 daAuts
